Map: Pillars of Gold LE

Players

Neuling

  • Race: Protoss Protoss
  • League: Master
  • Spawn Location: 7:00

Gredu - Winner!

  • Race: Zerg Zerg
  • League: Master
  • Spawn Location: 1:00

VOD

Have the link to the VOD?

Description

Time

  • Played on: Dec. 10, 2020, 10:53 a.m.
  • Length: 3:35
Show
View Real Time Build Order
Export as new Build Order

Neuling Protoss 

Build Orders:  

Get SALT Encoding   

  12  0:00  Probe  
  13  0:12  Probe  
  14  0:18  Pylon  
  14  0:24  Probe (Chrono Boost)  
  15  0:36  Probe (Chrono Boost)  
  15  0:39  Gateway  
  16  0:45  Probe (Chrono Boost)  
  16  0:48  Assimilator  
  17  0:51  Probe  
  18  1:03  Probe  
  19  1:15  Probe  
  20  1:24  Gateway  
  20  1:26  Cybernetics Core  
  20  1:27  Zealot  
  22  1:36  Pylon  
  22  1:38  Probe  
  23  1:49  Pylon  
  23  2:00  Adept (Chrono Boost)  
  23  2:08  Shield Battery  
  25  2:20  Pylon  
  25  2:22  Adept  
  26  2:33  Probe  
  24  2:45  Probe  
  23  2:55  Sentry  
  23  2:57  Probe (Chrono Boost)  
  23  3:01  Shield Battery  
  23  3:04  Assimilator  
  23  3:09  Probe (Chrono Boost)  
  23  3:15  Probe (Chrono Boost)  
  24  3:23  Probe  
Show
View Real Time Build Order
Export as new Build Order

Gredu Zerg - Winner!

Build Orders: Pool First 

Get SALT Encoding   

  12  0:00  Drone  
  13  0:09  Extractor  
  12  0:25  Spawning Pool  
  11  0:30  Drone  
  11  0:35  Drone  
  13  0:40  Drone  
  14  0:52  Overlord  
  14  1:11  Metabolic Boost  
  14  1:12  Zergling x4  
  14  1:16  Zergling x2  
  17  1:25  Zergling x2  
  18  1:35  Zergling x2  
  19  1:45  Zergling x2  
  20  1:58  Zergling x2  
  21  2:02  Hatchery  
  21  2:07  Zergling x2  
  21  2:20  Overlord  
  21  2:25  Queen  
  21  2:43  Zergling x2  
  21  2:44  Zergling x2  
  21  2:50  Zergling x2  
  20  3:00  Zergling x2  
  22  3:17  Zergling x4  
Tags
 
Add a new tag
Caveats
  • Supply blocks, unpowered buildings, or Contaminate may cause inaccurate times.
  • Supply counts are checked every 10 seconds.